 Dungeon Crawl Stone Soup version 0.19.1-1-g22dce08 (webtiles) character file.

2186 ponk the Cleaver (level 9, -5/78 HPs)
             Began as a Hill Orc Fighter on Jan 8, 2017.
             Was a Believer of Nemelex Xobeh.
             Slain by an orc warrior
             ... wielding a +0 battleaxe
              (9 damage)
             ... on level 7 of the Dungeon.
             The game lasted 00:27:32 (5448 turns).

ponk the Cleaver (Hill Orc Fighter)                 Turns: 5448, Time: 00:27:33

Health: -5/78      AC: 17    Str: 21    XL:     9   Next: 33%
Magic:  10/10      EV:  7    Int:  8    God:    Nemelex Xobeh [**....]
Gold:   493        SH: 12    Dex:  9    Spells: 0 memorised, 8 levels left

rFire  + . .     SeeInvis +     a - +0 war axe
rCold  . . .     Gourm    .     S - +0 plate armour
rNeg   . . .     Faith    .     c - +0 shield
rPois  .         Spirit   .     t - +2 helmet
rElec  .         Reflect  +     h - +0 cloak
rCorr  .         Harm     .     (no gloves)
MR     .....     Clarity  +     (no boots)
Stlth  ..........               l - +2 amulet of reflection
                                (no ring)
                                y - ring of protection from fire

@: about to teleport
A: fangs 1, repulsion field 1, see invisible, clarity, clumsy 1
a: Renounce Religion


You were on level 7 of the Dungeon.
You worshipped Nemelex Xobeh.
Nemelex Xobeh was pleased with you.
You were not hungry.

You visited 2 branches of the dungeon, and saw 8 of its levels.
You also visited: Sewer and Ossuary.

You collected 493 gold pieces.

Inventory:

Hand Weapons
 a - a +0 war axe (weapon)
 b - a +3 shortbow
 U - a cursed -3 dagger
Missiles
 T - 62 arrows
Armour
 c - a +0 shield (worn)
 h - a +0 cloak (worn)
 t - a +2 helmet (worn)
 S - a +0 plate armour (worn)
Jewellery
 l - a +2 amulet of reflection (around neck)
 y - a ring of protection from fire (left hand)
 N - a +4 amulet of reflection
Wands
 v - a wand of lightning (6/15)
 A - a wand of enslavement (9/24)
 F - a wand of acid (5/15)
 M - a wand of acid (3/15)
Scrolls
 d - 7 scrolls of teleportation
 e - 2 scrolls of blinking {unknown}
 j - 2 scrolls of noise {unknown}
 k - 4 scrolls of remove curse {unknown}
 m - a scroll of recharging {unknown}
 o - 4 scrolls of fear {unknown}
 u - 3 scrolls of amnesia {unknown}
 H - 3 scrolls of fog {unknown}
 L - a scroll of enchant weapon {unknown}
 P - a scroll of magic mapping {unknown}
 Q - a scroll of random uselessness {unknown}
Potions
 g - a potion of resistance {unknown}
 i - a potion of magic {unknown}
 p - a potion of degeneration {unknown}
 r - a potion of berserk rage {unknown}
 s - 2 potions of brilliance {unknown}
 x - 4 potions of might
 z - 4 potions of curing
 B - 2 potions of mutation {unknown}
 E - 4 potions of heal wounds {unknown}
 I - a potion of lignification {unknown}
 J - 2 potions of invisibility {unknown}
 K - 2 potions of flight {unknown}
 V - a potion of ambrosia {unknown}
Comestibles
 f - 5 bread rations
 n - 3 beef jerkies
 w - 3 meat rations
 C - 2 fruits
 R - a slice of pizza


   Skills:
 + Level 6.6 Fighting
 + Level 10.6 Axes
 + Level 5.6 Armour
 + Level 1.9 Dodging
 + Level 1.0 Stealth
 + Level 7.0 Shields
 + Level 1.5 Invocations
 + Level 0.2 Evocations


You had 8 spell levels left.
You didn't know any spells.

Dungeon Overview and Level Annotations

Branches:
Dungeon (7/15)             Temple (1/1) D:4

Altars:
Dithmenos
Elyvilon
Gozag
Nemelex Xobeh
Okawaru
Qazlal
Ru
Sif Muna
Trog
Vehumet
Yredelemnul
Zin


Innate Abilities, Weirdness & Mutations

You have very sharp teeth.
You are surrounded by a mild repulsion field. (EV +2)
You have supernaturally acute eyesight. (SInv)
You possess an exceptional clarity of mind.
You are clumsy. (Dex -2)


Message History

You hit the orc warrior but do no damage.
The orc warrior is severely wounded.
You hit the orc warrior but do no damage.
The orc warrior is severely wounded.
The orc warrior hits you with a battleaxe!!
* * * LOW HITPOINT WARNING * * *
Unknown command.
Zapping:
v - a wand of lightning (will waste charges)
Press: ? - help, Shift-Dir - straight line, f - orc warrior
Aim: an orc warrior, wielding a battleaxe and wearing a chain mail (severely wounded)
You hear a mighty clap of thunder!
The bolt of lightning misses the orc warrior.
Evoking this partially-identified wand wasted a few charges.
You hear an angry growl.
You block the orc warrior's attack.
As you read the scroll of teleportation, it crumbles to dust.
You feel strangely unstable.
The orc warrior hits you with a battleaxe!
You die...
Your body disappears without a glow.

#...# #...# #...#
#####...# ........#
#.........#
#.......†)#######
#.......o@......#
#######...............#
+.....................+
#...............!....#
#....................#
#...................$#
###..................."#
.[.......######........#
.........# ##########


You could see an orc warrior.

Vanquished Creatures
  Sigmund (D:2)
  Menkaure (D:5)
  2 ice beasts
  2 sky beasts (D:7)
  An orc warrior (D:6)
  2 phantoms (D:4)
  2 bullfrogs
  A scorpion (D:5)
  A crimson imp (D:6)
  2 orc priests
  A hound (D:5)
  5 orc wizards
  A centaur skeleton (D:5)
  A human zombie (Ossuary)
  5 worker ants
  A big kobold zombie (Ossuary)
  A hound skeleton (D:7)
  A hound zombie (Ossuary)
  4 mummies (Ossuary)
  Robin (D:2)
  11 adders
  2 river rats (Sewer)
  An ooze (D:4)
  An adder skeleton (D:5)
  4 adder zombies
  2 worms
  3 dart slugs
  4 leopard geckos
  24 orcs
  6 ball pythons
  5 giant cockroaches
  2 gnoll zombies (Ossuary)
  10 hobgoblins
  4 jackals
  3 quokkas
  6 bats
  6 frilled lizards
  14 goblins
  A goblin zombie (Ossuary)
  2 jackal zombies (Ossuary)
  2 kobolds (D:3)
  An orc zombie (Ossuary)
  9 rats
159 creatures vanquished.

Vanquished Creatures (collateral kills)
  Eustachio (D:5)
  A howler monkey (D:5)
  A jelly (D:5)
  2 orc wizards (D:5)
  A worker ant (D:5)
  A hound skeleton (D:5)
  An adder (Sewer)
  2 adder skeletons (D:5)
  6 orcs (D:5)
  3 jackals (D:5)
  2 ball pythons (Sewer)
  2 frilled lizards (Sewer)
23 creatures vanquished.

Vanquished Creatures (others)
  A centaur (D:6)
  A goblin (D:2)
  A kobold (D:2)
3 creatures vanquished.

Grand Total: 185 creatures vanquished

Notes
Turn   | Place    | Note
-------+----------+-------------------------------------------
     0 | D:1      | ponk the Hill Orc Fighter began the quest for the Orb.
     0 | D:1      | Reached XP level 1. HP: 19/19 MP: 1/1
   168 | D:1      | Reached XP level 2. HP: 27/27 MP: 2/2
   420 | D:1      | You fall through a shaft!
   440 | D:2      | Reached skill level 3 in Axes
   451 | D:2      | Found an iron altar of Okawaru.
   514 | D:2      | Reached XP level 3. HP: 30/33 MP: 3/3
   934 | D:2      | Noticed Robin
   962 | D:2      | Reached skill level 4 in Axes
   973 | D:2      | Killed Robin
   973 | D:2      | Reached XP level 4. HP: 22/40 MP: 4/4
  1021 | D:2      | Noticed Sigmund
  1051 | D:2      | Killed Sigmund
  1051 | D:2      | Reached skill level 5 in Axes
  1051 | D:2      | Reached XP level 5. HP: 23/47 MP: 5/5
  1369 | D:2      | Found a stormy altar of Qazlal.
  1383 | D:2      | Reached XP level 6. HP: 53/53 MP: 6/6
  2080 | D:3      | Reached skill level 6 in Axes
  2541 | D:4      | Reached skill level 1 in Dodging
  2541 | D:4      | Reached XP level 7. HP: 58/60 MP: 7/7
  2585 | D:4      | Reached skill level 7 in Axes
  2636 | D:4      | Reached skill level 5 in Fighting
  2695 | D:4      | Found a sand-covered staircase.
  2699 | Ossuary  | Entered an ossuary
  2874 | Ossuary  | Reached skill level 5 in Shields
  3028 | Ossuary  | Reached skill level 8 in Axes
  3224 | D:4      | Found a staircase to the Ecumenical Temple.
  3238 | Temple   | Entered the Ecumenical Temple
  3292 | Temple   | Became a worshipper of Nemelex Xobeh the Trickster
  3525 | D:5      | Entered Level 5 of the Dungeon
  3543 | D:5      | Reached XP level 8. HP: 67/70 MP: 8/8
  3552 | D:5      | Received a gift from Nemelex Xobeh
  3634 | D:5      | Noticed Eustachio
  3653 | D:5      | Killed Eustachio
  3746 | D:5      | Reached skill level 9 in Axes
  3821 | D:5      | Reached skill level 1 in Invocations
  3852 | D:5      | Found a glowing drain.
  3871 | Sewer    | Entered a sewer
  3961 | Sewer    | Received a gift from Nemelex Xobeh
  4134 | Sewer    | Reached * piety under Nemelex Xobeh
  4403 | D:5      | Noticed Menkaure
  4411 | D:5      | Killed Menkaure
  4536 | D:5      | Reached skill level 5 in Armour
  4963 | D:6      | Reached skill level 1 in Stealth
  5028 | D:6      | Reached skill level 10 in Axes
  5028 | D:6      | Reached XP level 9. HP: 77/77 MP: 10/10
  5079 | D:6      | Reached ** piety under Nemelex Xobeh
  5344 | D:7      | Gained mutation: You possess an exceptional clarity of mind. [mutagenic meat]
  5347 | D:7      | Gained mutation: You are surrounded by a mild repulsion field. (EV +2) [mutagenic meat]
  5349 | D:7      | Gained mutation: You have very sharp teeth. [mutagenic meat]
  5350 | D:7      | Gained mutation: You are clumsy. (Dex -2) [mutagenic meat]
  5351 | D:7      | Gained mutation: You have supernaturally acute eyesight. (SInv) [mutagenic meat]
  5446 | D:7      | HP: 3/78 [orc warrior/battleaxe (24)]
  5448 | D:7      | Slain by an orc warrior

Skill      XL: |  1  2  3  4  5  6  7  8  9 |
---------------+----------------------------+-----
Axes           | 3 4 5 6 8 10 | 10.6
Armour         | 4 5 |  5.6
Fighting       | 4 5 6 |  6.6
Shields        | 4 5 6 7 |  7.0
Dodging        | 1 |  1.9
Invocations    | 1 |  1.5
Stealth        | 1 |  1.0
Evocations     | |  0.2

Action                   |  1- 3 |  4- 6 |  7- 9 || total
-------------------------+-------+-------+-------++-------
Melee: War axe           |   149 |   138 |   354 ||   641
       Bite              |       |       |     2 ||     2
Evoke: Deck              |       |       |    12 ||    12
       Wand              |       |       |     3 ||     3
  Use: Scroll            |     1 |     1 |     4 ||     6
       Potion            |       |     3 |       ||     3
  Eat: Chunk             |       |     6 |     9 ||    15
       Meat ration       |       |       |     1 ||     1
       Pizza             |       |       |     1 ||     1
Armor: Scale mail        |    72 |    65 |   126 ||   263
       Plate armour      |       |       |    52 ||    52
Dodge: Dodged            |    43 |    37 |    98 ||   178
Block: Shield            |   110 |    63 |   236 ||   409
       Reflection        |     1 |       |     6 ||     7
